 Dungeon Crawl Stone Soup version 0.30.0-13-g156ef70053 (webtiles) character file.

Game seed: 6720176025324757358

2 browni3141 the Firebug (level 1, -2/13 HPs)
             Began as a Demonspawn Fire Elementalist on May 17, 2023.
             Slain by a hobgoblin (5 damage)
             ... on level 1 of the Dungeon.
             The game lasted 00:00:22 (186 turns).

browni3141 the Firebug (DsFE)                        Turns: 186, Time: 00:00:23

Health: -2/13      AC:  2    Str:  8    XL:     1   Next: 25%
Magic:  2/3        EV: 12    Int: 16    God:
Gold:   12         SH:  0    Dex: 13    Spells: 3/4 levels left

rFire   . . .        (no weapon)
rCold   . . .        (no shield)
rNeg    . . .        a - +0 robe
rPois   .            (no helmet)
rElec   .            (no cloak)
rCorr   .            (no gloves)
SInv    .            (no boots)
Will    .....        (no amulet)
Stlth   ++           (no ring)
HPRegen 0.22/turn    (no ring)
MPRegen 0.08/turn

%: no passive effects
@: no status effects
A: no striking features
a: no special abilities


You were on level 1 of the Dungeon.
You visited 1 branch of the dungeon, and saw 1 of its levels.

You collected 12 gold pieces.

Inventory:

Armour
 a - a +0 robe (worn)
Scrolls
 n - a scroll of brand weapon {unknown}
 p - a scroll of teleportation {unknown}
Potions
 o - a potion of curing {unknown}


   Skills:
 + Level 1.8 Dodging
 + Level 1.8 Stealth
 + Level 2.0 Spellcasting
 + Level 1.0 Conjurations
 + Level 2.7 Fire Magic


You had 3 spell levels left.
You knew the following spells:

 Your Spells              Type           Power      Damage    Failure   Level
z - Foxfire               Conj/Fire      28%        2x1d5     10%         1

Your spell library contained the following spells:

 Spells                   Type           Power      Damage    Failure   Level
 Scorch                   Fire           20%        2d5       11%         2
 Inner Flame              Hex/Fire       5%         N/A       34%         3
 Volatile Blastmotes      Fire/Tloc      10%        2d10      34%         3
 Flame Wave               Conj/Fire      7%         2d5       67%         4


Dungeon Overview and Level Annotations

Branches:
Dungeon (1/15)

Altars:

Shops:
D:1 =


Message History

Found an escape hatch in the floor.
The ogre shouts!
You now have 12 gold pieces.
You open the door.
There is an open door here.
Found Ygoten's Jewellery Shoppe.
There is an entrance to Ygoten's Jewellery Shoppe here.
You can access your shopping list by pressing '$'.
Found a stone staircase leading down.
n - a scroll labelled VAEJUV GEABRO
There is a stone staircase leading down here.
o - a fuming golden potion
p - a scroll labelled ODILIMASUN A ball python comes into view.
A rat and a hobgoblin come into view.
The ball python hisses angrily.
The hobgoblin shouts!
You hear a shout!
You see here a +0 scale mail.
You conjure some foxfire!
A bat comes into view.
The foxfire hits the rat but does no damage.
You conjure some foxfire!
The foxfire hits the ball python.
The ball python is severely wounded.
The ball python misses you. The ball python grabs you.
The ball python constricts you.
You conjure some foxfire!
The foxfire hits the rat.
You kill the rat!
The foxfire hits the ball python.
You kill the ball python!
The foxfire hits the bat.
The bat is severely wounded.
You are out of magic!
You are out of magic!
You are out of magic!
You are out of magic!
You are out of magic!
The bat attacks as you move away! The bat hits you but does no damage.
The foxfire hits the hobgoblin but does no damage.
The bat hits you but does no damage.
You see here a +0 scale mail.
The hobgoblin attacks as you move away! The hobgoblin hits you.
A goblin comes into view. It is wielding a +0 club.
The goblin shouts!
The bat completely misses you. The bat closely misses you.
You barely miss the bat.
The bat is severely wounded.
The bat barely misses you. The hobgoblin hits you.
* * * LOW HITPOINT WARNING * * *
The bat hits you but does no damage. The bat barely misses you.
The hobgoblin barely misses you. The hobgoblin hits you.
* * * LOW HITPOINT WARNING * * *
The bat closely misses you.
The hobgoblin hits you but does no damage.
You see here a +0 scale mail.
The hobgoblin attacks as you move away! The hobgoblin barely misses you.
Magic courses through your body. The hobgoblin closely misses you.
The hobgoblin attacks as you move away! The hobgoblin misses you.
Casting: Foxfire (safe; 10% risk of failure)
Press: ? - help, Q - select action Dir - look around, f - activate You miscast Foxfire.
You are very lightly contaminated with residual magic.
Nothing appears to happen.
Casting: Foxfire (safe; 10% risk of failure)
Press: ? - help, Q - select action Dir - look around, f - activate You conjure some foxfire!
The hobgoblin misses you.
The foxfire hits the goblin.
The goblin is moderately wounded.
You hit the hobgoblin but do no damage. The hobgoblin barely misses you.
Casting: Foxfire (safe; 10% risk of failure)
Press: ? - help, Q - select action Dir - look around, f - activate
There is not enough space to conjure foxfire!
You closely miss the hobgoblin. The goblin closely misses you.
The hobgoblin barely misses you.
You hit the hobgoblin but do no damage. The goblin completely misses you.
The hobgoblin barely misses you.
You hit the hobgoblin but do no damage. The goblin barely misses you.
The hobgoblin hits you.
* * * LOW HITPOINT WARNING * * *
You closely miss the hobgoblin. The goblin closely misses you.
The hobgoblin barely misses you.
Your magical contamination has completely faded away.
You hit the hobgoblin.
The hobgoblin is lightly wounded.
The hobgoblin completely misses you. The goblin barely misses you.
You hit the hobgoblin but do no damage.
The hobgoblin is lightly wounded.
The hobgoblin closely misses you. The goblin hits you with a +0 club.
* * * LOW HITPOINT WARNING * * *
You hit the hobgoblin.
The hobgoblin is heavily wounded.
The hobgoblin closely misses you. The goblin hits you with a +0 club.
* * * LOW HITPOINT WARNING * * *
You barely miss the hobgoblin.
The hobgoblin is heavily wounded.
The goblin misses you. The hobgoblin misses you.
You completely miss the hobgoblin.
The hobgoblin is heavily wounded.
The hobgoblin hits you.
You die...

#.# #.# #.#
#.# #.# #.#
#.# #.# #.#
#.# #.# #.#
#b# #.#
#g#######.#
#@g.......#
#########.#
###


You could see a hobgoblin, a goblin and a bat.

Vanquished Creatures
  A ball python (D:1)
  A rat (D:1)
2 creatures vanquished.

Vanquished Creatures (others)
  4 foxfires (D:1)
4 creatures vanquished.

Grand Total: 6 creatures vanquished

Notes
Turn   | Place    | Note
-------+----------+-------------------------------------------
     0 | D:1      | browni3141 the Demonspawn Fire Elementalist began the quest
                  | for the Orb.
     0 | D:1      | Reached XP level 1. HP: 13/13 MP: 3/3
     0 | D:1      | Noticed a felid
     7 | D:1      | Noticed a demigod
     8 | D:1      | Noticed a felid
     9 | D:1      | Noticed a vine stalker
    13 | D:1      | Noticed a barachi
    13 | D:1      | Noticed a draconian
    15 | D:1      | Noticed a draconian
    15 | D:1      | Noticed a formicid
    17 | D:1      | Noticed an ogre
    17 | D:1      | Noticed a ghoul
    17 | D:1      | Noticed a human
    32 | D:1      | Found Ygoten's Jewellery Shoppe.
   186 | D:1      | Slain by a hobgoblin

Illustrated notes

Levels and vault maps discovered:
D:1:      shiori_arrival_whats_in_store_for_you, layout_basic, serial_shops,
          shop, shop, nicolae_shop_just_a_little_nook

Action                     || total
---------------------------++-------
  Melee: Unarmed           ||    11
   Cast: Foxfire           ||     4
    Use: Potion            ||     1
 Armour: Robe              ||     4
  Dodge: Dodged            ||    25
